[Event "57th Biel Festival ATO 2024"]
[Site "Biel"]
[Date "2024.07.22"]
[Round "6.16"]
[White "Hofer, Friedrich"]
[Black "Aegerter, Fabrice"]
[Result "0-1"]
[ECO "C55"]
[WhiteElo "1798"]
[BlackElo "1917"]
[Annotator "ChessBase"]
[PlyCount "26"]
[EventDate "2024.07.03"]
[EventType "swiss"]
[EventCountry "SUI"]
[SourceTitle "playchess.com"]
[Source "ChessBase"]
[SourceQuality "1"]
[TimeControl "40/5400+30:1800+30"]

1. e4 e5 2. Nf3 Nc6 3. Bc4 Nf6 4. d3 Bb4+ 5. c3 Ba5 6. O-O d6 7. Nbd2 Bg4 8. h3 Bh5 9. Re1 Qd7 10. Nf1 Nd4 11. Re3 Nxf3+ 12. Rxf3 Bxf3 13. Ne3 Ng8 0-1

[Event "57th Biel Festival ATO 2024"]
[Site "Biel"]
[Date "2024.07.22"]
[Round "6.18"]
[White "Retti, Marco"]
[Black "Jordan, Theodor"]
[Result "0-1"]
[ECO "B22"]
[WhiteElo "1772"]
[BlackElo "1894"]
[Annotator "NA RC"]
[PlyCount "92"]
[EventDate "2024.07.03"]
[EventType "swiss"]
[EventCountry "SUI"]
[SourceTitle "playchess.com"]
[Source "ChessBase"]
[SourceQuality "1"]
[TimeControl "40/5400+30:1800+30"]

1. e4 c5 2. c3 d5 3. exd5 Qxd5 4. Nf3 Nc6 5. d4 Bf5 6. Bb5 O-O-O 7. Bxc6 Qxc6 8. O-O Bg4 9. Qd3 Bxf3 10. gxf3 cxd4 11. cxd4 Qg6+ 12. Qxg6 hxg6 13. Be3 e6 14. Rc1+ Kb8 15. Bf4+ Bd6 16. Bxd6+ Rxd6 17. Rd1 Rd5 18. Nc3 Rg5+ 19. Kf1 Nf6 20. Ne4 Nxe4 21. fxe4 Rxh2 22. d5 exd5 23. exd5 Rh1+ 24. Ke2 Re5+ 25. Kf3 Rxd1 26. Rxd1 Kc7 27. d6+ Kd7 28. Rd4 Rf5+ 29. Ke3 Rf6 30. Rb4 b6 31. Ra4 a5 32. b4 Rf5 33. bxa5 Rxa5 34. Rb4 b5 35. a4 bxa4 36. Rb7+ Kxd6 37. Kd4 a3 38. Rb6+ Ke7 39. Rb7+ Kf6 40. Rb6+ Kf5 41. Rb1 a2 42. Ra1 Kf4 43. Kc4 Kf3 44. Kb3 Kxf2 45. Kb2 g5 46. Rc1 a1=Q+ 0-1

[Event "57th Biel Festival ATO 2024"]
[Site "Biel"]
[Date "2024.07.22"]
[Round "6.19"]
[White "Szelag, Zuzanna"]
[Black "Trubini, Timon"]
[Result "1-0"]
[ECO "B99"]
[WhiteElo "1897"]
[BlackElo "1714"]
[Annotator "NA RC"]
[PlyCount "51"]
[EventDate "2024.07.03"]
[EventType "swiss"]
[EventCountry "SUI"]
[SourceTitle "playchess.com"]
[Source "ChessBase"]
[SourceQuality "1"]
[TimeControl "40/5400+30:1800+30"]

1. e4 c5 2. Nf3 d6 3. d4 cxd4 4. Nxd4 Nf6 5. Nc3 a6 6. Bg5 e6 7. f4 Be7 8. Qf3 Qc7 9. O-O-O Nbd7 10. g4 h6 11. Bxf6 Bxf6 12. Bg2 g5 13. f5 Ne5 14. Qg3 Bd7 15. Rhf1 O-O 16. Nce2 Rac8 17. Qb3 Nc4 18. fxe6 fxe6 19. Rf3 Na5 20. Qd3 Nc6 21. Nxc6 Qxc6 22. e5 dxe5 23. Qg6+ Kh8 24. Qxh6+ Kg8 25. Qg6+ Kh8 26. Rh3# 1-0

[Event "57th Biel Festival ATO 2024"]
[Site "Biel"]
[Date "2024.07.22"]
[Round "6.20"]
[White "Hansen, Michael Bo"]
[Black "Schmid, Nicola"]
[Result "0-1"]
[ECO "E34"]
[WhiteElo "1759"]
[BlackElo "1888"]
[Annotator "NA"]
[PlyCount "132"]
[EventDate "2024.07.03"]
[EventType "swiss"]
[EventCountry "SUI"]
[SourceTitle "playchess.com"]
[Source "ChessBase"]
[SourceQuality "1"]
[TimeControl "40/5400+30:1800+30"]

1. d4 Nf6 2. c4 e6 3. Nc3 Bb4 4. Qc2 d5 5. e3 O-O 6. Bd3 dxc4 7. Bxc4 a6 8. a3 Be7 9. Nge2 b5 10. Bd3 Bb7 11. O-O c5 12. dxc5 Nbd7 13. b4 Ne5 14. Rd1 Qc7 15. Bb2 Rfd8 16. Ng3 h5 17. Nce4 h4 18. Nxf6+ gxf6 19. Bxe5 Qxe5 20. Nf1 Rac8 21. Rac1 Kh8 22. f3 f5 23. Qc3 Qxc3 24. Rxc3 Bf6 25. Rc2 Bd5 26. Be2 Bb3 27. Rxd8+ Rxd8 28. Rd2 Rd5 29. Rxd5 Bxd5 30. Nd2 Bb2 31. Nb1 Kg7 32. Bd3 Kf6 33. Kf2 Ba2 34. e4 f4 35. g3 hxg3+ 36. hxg3 fxg3+ 37. Kxg3 Bxb1 38. Bxb1 Bxa3 39. e5+ Kxe5 40. f4+ Kf6 41. Be4 Ke7 42. Bb7 a5 43. c6 Kd6 44. bxa5 Bc5 45. c7 Kxc7 46. Be4 Kd6 47. f5 Ke5 48. fxe6 fxe6 49. Kf3 Kd4 50. Bb1 e5 51. Ke2 e4 52. a6 e3 53. Bf5 Kc3 54. Be4 b4 55. Kd1 Kb2 56. Bd5 b3 57. Bf3 Ka1 58. Be4 b2 59. Ke2 b1=Q 60. Bxb1 Kxb1 61. Kd1 Kb2 62. a7 Bxa7 63. Ke2 Kc3 64. Kd1 Kd3 65. Ke1 Bb8 66. Kd1 e2+ 0-1

[Event "57th Biel Festival ATO 2024"]
[Site "Biel"]
[Date "2024.07.22"]
[Round "6.21"]
[White "Bangerter, Ena"]
[Black "Keymer, Cecilia"]
[Result "1/2-1/2"]
[ECO "B13"]
[WhiteElo "1771"]
[BlackElo "1865"]
[Annotator "NA"]
[PlyCount "104"]
[EventDate "2024.07.03"]
[EventType "swiss"]
[EventCountry "SUI"]
[SourceTitle "playchess.com"]
[Source "ChessBase"]
[SourceQuality "1"]
[TimeControl "40/5400+30:1800+30"]

1. d4 d5 2. Bf4 c5 3. e3 cxd4 4. exd4 Nc6 5. c3 Bf5 6. Nd2 e6 7. Ngf3 Nge7 8. Qb3 Qd7 9. Ne5 Nxe5 10. Bxe5 Nc6 11. Bb5 f6 12. Bg3 Bd6 13. Nf3 h5 14. Nh4 Be4 15. Qd1 g5 16. Nf3 h4 17. Bxd6 Qxd6 18. Bd3 Qf4 19. Bxe4 Qxe4+ 20. Qe2 h3 21. g3 g4 22. Qxe4 dxe4 23. Nd2 f5 24. Nc4 Ke7 25. O-O-O Rhd8 26. Ne3 Rac8 27. Kb1 b5 28. b4 Kf6 29. Kb2 Ne7 30. Ra1 a5 31. a3 a4 32. Rad1 Nd5 33. Rc1 Rc6 34. Rc2 Nb6 35. Rd1 Nc4+ 36. Ka2 Rcd6 37. Nxc4 bxc4 38. Rcd2 Rd5 39. Kb2 Kg5 40. Kc2 Rf8 41. Re1 Rfd8 42. Ree2 Kf6 43. Kc1 Ke7 44. Kc2 Kd6 45. Kc1 Rb5 46. Re1 Kd5 47. Rde2 Rf8 48. Kc2 Rb7 49. Kc1 Kc6 50. Kc2 Kb5 51. Kc1 Rd7 52. Rd2 Rd5 1/2-1/2

[Event "57th Biel Festival ATO 2024"]
[Site "Biel"]
[Date "2024.07.22"]
[Round "6.23"]
[White "Sushrutha, Reddy"]
[Black "Gafner, Lancelot"]
[Result "0-1"]
[ECO "C38"]
[WhiteElo "1649"]
[BlackElo "1864"]
[Annotator "NA"]
[PlyCount "128"]
[EventDate "2024.07.03"]
[EventType "swiss"]
[EventCountry "SUI"]
[SourceTitle "playchess.com"]
[Source "ChessBase"]
[SourceQuality "1"]
[TimeControl "40/5400+30:1800+30"]

1. e4 e5 2. f4 exf4 3. Nf3 d6 4. Bc4 h6 5. d4 g5 6. O-O Bg7 7. c3 Nc6 8. Re1 Nge7 9. Nbd2 O-O 10. h3 Ng6 11. Qc2 Nce7 12. Bd3 c6 13. Nf1 Be6 14. Kh2 d5 15. e5 Qd7 16. h4 g4 17. h5 gxf3 18. hxg6 fxg6 19. gxf3 Bf5 20. Re2 Qe6 21. Kh1 Bxd3 22. Qxd3 Rf5 23. Rh2 Raf8 24. Bd2 Rg5 25. Re1 Rgf5 26. Ree2 Rg5 27. Rh4 Qf5 28. Qxf5 Rgxf5 29. Rg2 g5 30. Rh3 Ng6 31. Be1 R5f7 32. Nh2 Ne7 33. Ng4 Nf5 34. Rgh2 Kh7 35. Kg1 Kg6 36. Kf1 Ng3+ 37. Kg2 h5 38. Ne3 h4 39. Ng4 Kf5 40. Kg1 Kg6 41. Rc2 Rd8 42. Rhh2 c5 43. Bf2 c4 44. Be1 b5 45. Rhd2 Nf5 46. Re2 Ng3 47. Red2 a5 48. Rh2 Nf5 49. Rhe2 Ng3 50. Rh2 Rb7 51. a3 Nf5 52. Rhe2 Nh6 53. Rg2 Nf5 54. Rge2 Ng3 55. Red2 Nf5 56. Kh2 Rf8 57. Rg2 Rd8 58. Rc1 Rf7 59. Bf2 Rb7 60. Rcg1 h3 61. Kxh3 Rh8+ 62. Nh6 Rxh6+ 63. Kg4 Ne3+ 64. Bxe3 Rh4# 0-1

[Event "57th Biel Festival ATO 2024"]
[Site "Biel"]
[Date "2024.07.22"]
[Round "6.24"]
[White "Mohr, Jan"]
[Black "Coletta, Julien"]
[Result "1/2-1/2"]
[ECO "D43"]
[WhiteElo "1824"]
[BlackElo "1778"]
[Annotator "NA RC"]
[PlyCount "58"]
[EventDate "2024.07.03"]
[EventType "swiss"]
[EventCountry "SUI"]
[SourceTitle "playchess.com"]
[Source "ChessBase"]
[SourceQuality "1"]
[TimeControl "40/5400+30:1800+30"]

1. d4 d5 2. c4 c6 3. Nf3 Nf6 4. Nc3 e6 5. Bf4 dxc4 6. a4 Bb4 7. e3 b5 8. Nd2 Bxc3 9. bxc3 Nd5 10. Ne4 Nxf4 11. exf4 Qd5 12. Nc5 Nd7 13. Nxd7 Qxd7 14. Qg4 O-O 15. Be2 a5 16. h4 Qc7 17. Qg5 Ba6 18. Qc5 Qxf4 19. Qxc6 Rfc8 20. Qf3 Qxf3 21. Bxf3 Ra7 22. axb5 Bxb5 23. O-O a4 24. Rfb1 Bd7 25. Ra3 Kf8 26. Rb4 Ke7 27. Be2 Rac7 28. f4 f6 29. Kf2 Kf7 1/2-1/2

[Event "57th Biel Festival ATO 2024"]
[Site "Biel"]
[Date "2024.07.22"]
[Round "6.26"]
[White "Paholok, Igor"]
[Black "Moon, Sunwoong"]
[Result "1-0"]
[ECO "C07"]
[WhiteElo "1801"]
[BlackElo "1661"]
[Annotator "NA"]
[PlyCount "30"]
[EventDate "2024.07.03"]
[EventType "swiss"]
[EventCountry "SUI"]
[SourceTitle "playchess.com"]
[Source "ChessBase"]
[SourceQuality "1"]
[TimeControl "40/5400+30:1800+30"]

1. e4 e6 2. d4 d5 3. Nd2 c5 4. c3 dxe4 5. Nxe4 cxd4 6. Qa4+ Bd7 7. Qxd4 Nc6 8. Qd3 Qc7 9. Qg3 Qxg3 10. hxg3 f6 11. Be3 O-O-O 12. O-O-O Be7 13. Bc4 f5 14. Nd6+ Bxd6 15. Rxd6 Re8 1-0

[Event "57th Biel Festival ATO 2024"]
[Site "Biel"]
[Date "2024.07.22"]
[Round "6.27"]
[White "Kessler, Meinrad"]
[Black "Svendsen, Hannelore"]
[Result "0-1"]
[ECO "B19"]
[WhiteElo "1874"]
[BlackElo "1753"]
[Annotator "NA"]
[PlyCount "82"]
[EventDate "2024.07.03"]
[EventType "swiss"]
[EventCountry "SUI"]
[SourceTitle "playchess.com"]
[Source "ChessBase"]
[SourceQuality "1"]
[TimeControl "40/5400+30:1800+30"]

1. e4 c6 2. d4 d5 3. Nc3 dxe4 4. Nxe4 Bf5 5. Ng3 Bg6 6. h4 h6 7. Nf3 Nd7 8. Bd3 Bxd3 9. Qxd3 e6 10. Bf4 Qa5+ 11. c3 Ngf6 12. Ne4 Nxe4 13. Qxe4 Nf6 14. Qc2 Be7 15. Ne5 Qd5 16. Be3 Qxg2 17. O-O-O Qe4 18. Qb3 b5 19. Rhg1 g6 20. Rde1 Qd5 21. c4 bxc4 22. Qb7 Rd8 23. Nxc6 Rd7 24. Qb8+ Bd8 25. Nxd8 Rxd8 26. Qxa7 Ra8 27. Qc5 Qxc5 28. dxc5 Rxa2 29. Kb1 Ra6 30. Rc1 Ke7 31. Rgd1 Rha8 32. Rxc4 Ra1+ 33. Kc2 R1a4 34. b4 Nd5 35. c6 Ra2+ 36. Kd3 R2a3+ 37. Kd4 Nxe3 38. Rb1 Rd8+ 39. Kc5 Rd5+ 40. Kb6 Nxc4+ 41. Kb7 Rb5+ 0-1

[Event "57th Biel Festival ATO 2024"]
[Site "Biel"]
[Date "2024.07.22"]
[Round "6.28"]
[White "Buntschu, Kurt"]
[Black "Luedi, Paul"]
[Result "1/2-1/2"]
[ECO "D02"]
[WhiteElo "1868"]
[BlackElo "1715"]
[Annotator "NA"]
[PlyCount "70"]
[EventDate "2024.07.03"]
[EventType "swiss"]
[EventCountry "SUI"]
[SourceTitle "playchess.com"]
[Source "ChessBase"]
[SourceQuality "1"]
[TimeControl "40/5400+30:1800+30"]

1. d4 d5 2. Nf3 Nf6 3. Bf4 c5 4. e3 Nc6 5. c3 Bf5 6. Bd3 Bxd3 7. Qxd3 e6 8. Nbd2 c4 9. Qc2 b5 10. O-O Rc8 11. e4 dxe4 12. Nxe4 Be7 13. Ne5 Nd5 14. Bg3 f5 15. Nc5 Bxc5 16. dxc5 O-O 17. Nxc6 Rxc6 18. Bd6 Rf6 19. b3 Rg6 20. bxc4 Qg5 21. g3 bxc4 22. Rab1 Rc8 23. Rb7 Nf4 24. Kh1 Nd3 25. Qe2 f4 26. Qe4 Nxc5 27. Bxc5 Qxc5 28. Kg2 Rd8 29. Rb2 Qd5 30. Qxd5 exd5 31. Rd1 a6 32. Rd4 fxg3 33. fxg3 h6 34. a4 Re6 35. Rbd2 Red6 1/2-1/2

[Event "57th Biel Festival ATO 2024"]
[Site "Biel"]
[Date "2024.07.22"]
[Round "6.29"]
[White "Linder, Ernst"]
[Black "Jaggy, Enzo"]
[Result "0-1"]
[ECO "D15"]
[WhiteElo "1765"]
[BlackElo "1835"]
[Annotator "NA"]
[PlyCount "29"]
[EventDate "2024.07.03"]
[EventType "swiss"]
[EventCountry "SUI"]
[SourceTitle "playchess.com"]
[Source "ChessBase"]
[SourceQuality "1"]
[TimeControl "40/5400+30:1800+30"]

1. d4 d5 2. Nf3 Nf6 3. c4 c6 4. Nc3 dxc4 5. e3 b5 6. a4 b4 7. Na2 a5 8. Bxc4 Ba6 9. Qb3 e6 10. Bd2 c5 11. O-O cxd4 12. exd4 Bxc4 13. Qxc4 e5 14. Qc8 Be7 15. Nxe5 0-1

[Event "57th Biel Festival ATO 2024"]
[Site "Biel"]
[Date "2024.07.22"]
[Round "6.30"]
[White "Ernst, Heinz"]
[Black "Lesniak, Julien"]
[Result "1-0"]
[ECO "D55"]
[WhiteElo "1830"]
[BlackElo "1728"]
[Annotator "NA RC"]
[PlyCount "47"]
[EventDate "2024.07.03"]
[EventType "swiss"]
[EventCountry "SUI"]
[SourceTitle "playchess.com"]
[Source "ChessBase"]
[SourceQuality "1"]
[TimeControl "40/5400+30:1800+30"]

1. d4 e6 2. c4 Nf6 3. Nc3 d5 4. Bg5 Be7 5. e3 Nbd7 6. cxd5 exd5 7. Nf3 h6 8. Bh4 O-O 9. Bd3 b6 10. O-O Bb7 11. Rc1 c5 12. Qc2 Ne4 13. Nxe4 Bxh4 14. Nd6 Bxf2+ 15. Rxf2 Qc7 16. Nxb7 Qxb7 17. Bh7+ Kh8 18. Bf5 cxd4 19. exd4 Rac8 20. Qb1 Rc4 21. Rfc2 Rfc8 22. b3 Rxc2 23. Rxc2 Rc7 24. Qc1 1-0

[Event "57th Biel Festival ATO 2024"]
[Site "Biel"]
[Date "2024.07.22"]
[Round "6.31"]
[White "Papaux, Jeremie"]
[Black "Christoffersen, Odd"]
[Result "1-0"]
[ECO "D35"]
[WhiteElo "1814"]
[BlackElo "1676"]
[Annotator "NA"]
[PlyCount "113"]
[EventDate "2024.07.03"]
[EventType "swiss"]
[EventCountry "SUI"]
[SourceTitle "playchess.com"]
[Source "ChessBase"]
[SourceQuality "1"]
[TimeControl "40/5400+30:1800+30"]

1. d4 d5 2. c4 e6 3. Nf3 c6 4. cxd5 exd5 5. Nc3 Nf6 6. Bg5 Be7 7. e3 Bf5 8. Bd3 Bxd3 9. Qxd3 O-O 10. O-O Re8 11. Bxf6 Bxf6 12. b4 Nd7 13. b5 Nb6 14. bxc6 bxc6 15. Rac1 Qd7 16. Ne2 Rac8 17. Rc3 Na4 18. Ra3 Nb6 19. Rc1 Nc4 20. Rb3 Rb8 21. Nd2 Nxd2 22. Qxd2 Rxb3 23. axb3 Rb8 24. Qc2 g6 25. Qxc6 Qxc6 26. Rxc6 Rxb3 27. g3 Kg7 28. Ra6 Rb7 29. Nc3 Rd7 30. Nb5 Be7 31. Rxa7 Rxa7 32. Nxa7 Kf6 33. f3 Ke6 34. e4 Bd8 35. Nb5 Bb6 36. Kf2 f5 37. Ke3 fxe4 38. fxe4 Ba5 39. Na3 Bb6 40. Nc2 Ba5 41. Kd3 Bc7 42. Ne3 dxe4+ 43. Kxe4 h5 44. Nd5 Bb8 45. Nf4+ Kf6 46. h3 Ba7 47. Nd3 g5 48. Nc5 Kg6 49. g4 hxg4 50. hxg4 Bb8 51. Kd5 Kf7 52. Kc6 Ke7 53. d5 Bf4 54. Ne4 Kd8 55. d6 Be3 56. d7 Bf4 57. Nc5 1-0

[Event "57th Biel Festival ATO 2024"]
[Site "Biel"]
[Date "2024.07.22"]
[Round "6.33"]
[White "Gotti, Nicola"]
[Black "Harte, Bernd"]
[Result "0-1"]
[ECO "C62"]
[WhiteElo "1804"]
[BlackElo "1592"]
[Annotator "NA RC"]
[PlyCount "41"]
[EventDate "2024.07.03"]
[EventType "swiss"]
[EventCountry "SUI"]
[SourceTitle "playchess.com"]
[Source "ChessBase"]
[SourceQuality "1"]
[TimeControl "40/5400+30:1800+30"]

1. e4 e5 2. Nf3 Nc6 3. Bb5 d6 4. d4 exd4 5. Bxc6+ bxc6 6. Qxd4 Bb7 7. Nc3 Nf6 8. Bg5 Be7 9. O-O O-O 10. Rad1 Re8 11. Qa4 h6 12. Bh4 g5 13. Bg3 Nh5 14. Qb3 Nxg3 15. fxg3 Ba6 16. Ne5 d5 17. exd5 Bc5+ 18. Kh1 Rxe5 19. dxc6 Qe7 20. Nd5 Rxd5 21. Qxd5 0-1

[Event "57th Biel Festival ATO 2024"]
[Site "Biel"]
[Date "2024.07.22"]
[Round "6.34"]
[White "Kern, Beat"]
[Black "Kim, Donghan"]
[Result "0-1"]
[ECO "D46"]
[WhiteElo "1717"]
[BlackElo "1746"]
[Annotator "NA RC"]
[PlyCount "34"]
[EventDate "2024.07.03"]
[EventType "swiss"]
[EventCountry "SUI"]
[SourceTitle "playchess.com"]
[Source "ChessBase"]
[SourceQuality "1"]
[TimeControl "40/5400+30:1800+30"]

1. Nf3 Nf6 2. d4 e6 3. c4 d5 4. e3 c6 5. Nc3 Be7 6. Bd3 Nbd7 7. O-O O-O 8. b3 b6 9. e4 Bb4 10. Nxd5 exd5 11. exd5 cxd5 12. a3 Bd6 13. cxd5 Nxd5 14. Ng5 h6 15. Ne4 N7f6 16. f3 Bb7 17. Bb2 Ne3 0-1

[Event "57th Biel Festival ATO 2024"]
[Site "Biel"]
[Date "2024.07.22"]
[Round "6.35"]
[White "Panda, Gyorgy"]
[Black "Ehrsam, Andreas"]
[Result "1-0"]
[ECO "D37"]
[WhiteElo "1713"]
[BlackElo "1793"]
[Annotator "NA"]
[PlyCount "84"]
[EventDate "2024.07.03"]
[EventType "swiss"]
[EventCountry "SUI"]
[SourceTitle "playchess.com"]
[Source "ChessBase"]
[SourceQuality "1"]
[TimeControl "40/5400+30:1800+30"]

1. d4 d5 2. c4 e6 3. Nc3 Nf6 4. Nf3 Be7 5. Bf4 c6 6. e3 O-O 7. Bd3 Nbd7 8. e4 dxe4 9. Nxe4 Nxe4 10. Bxe4 Bb4+ 11. Bd2 Bxd2+ 12. Qxd2 Nf6 13. Bc2 b6 14. O-O Qc7 15. Rfd1 Bb7 16. Qg5 h6 17. Qe3 Rfd8 18. h3 Rac8 19. Rac1 Qe7 20. Bb3 Re8 21. Ba4 Qb4 22. Bb3 c5 23. a3 cxd4 24. Nxd4 Qc5 25. Bc2 Rcd8 26. b4 Qc7 27. Bd3 Qb8 28. c5 e5 29. Nf5 bxc5 30. bxc5 Bc6 31. Qg3 g6 32. Nxh6+ Kg7 33. Nf5+ Kf8 34. Nd6 Nh5 35. Qg5 Nf4 36. Qf6 Qc7 37. Nxe8 Rxe8 38. Bc4 Nxg2 39. Rd6 Rc8 40. Rcd1 Nf4 41. Rd8+ Be8 42. R1d7 Rxd8 1-0

[Event "57th Biel Festival ATO 2024"]
[Site "Biel"]
[Date "2024.07.22"]
[Round "6.36"]
[White "Lachausse, Bruno"]
[Black "Settegrana, Miro"]
[Result "1/2-1/2"]
[ECO "B14"]
[WhiteElo "1787"]
[BlackElo "1532"]
[Annotator "NA"]
[PlyCount "83"]
[EventDate "2024.07.03"]
[EventType "swiss"]
[EventCountry "SUI"]
[SourceTitle "playchess.com"]
[Source "ChessBase"]
[SourceQuality "1"]
[TimeControl "40/5400+30:1800+30"]

1. e4 c6 2. d4 d5 3. exd5 cxd5 4. c4 Nf6 5. Nc3 g6 6. Bd3 Bg7 7. Nge2 O-O 8. O-O Nc6 9. Be3 Nb4 10. Bb1 dxc4 11. Qa4 Nbd5 12. Qxc4 Nxe3 13. fxe3 Qb6 14. Na4 Qe6 15. Qd3 Ng4 16. e4 b6 17. h3 Nf6 18. Bc2 Bb7 19. Nac3 Rac8 20. Rad1 Rfd8 21. Bb3 Qd7 22. Nf4 e6 23. Qe3 Bh6 24. g4 Ne8 25. Qe2 Qc7 26. Qf2 Bxf4 27. Qxf4 Qxf4 28. Rxf4 Nd6 29. Rdf1 Rc7 30. d5 e5 31. R4f2 Ba6 32. Rd1 Kg7 33. Kg2 b5 34. Kf3 Rdc8 35. a3 Rb8 36. Na2 Bb7 37. Rdd2 a5 38. a4 b4 39. Rc2 Rcc8 40. Nc1 Rxc2 41. Ke3 h6 42. h4 1/2-1/2

[Event "57th Biel Festival ATO 2024"]
[Site "Biel"]
[Date "2024.07.22"]
[Round "6.37"]
[White "Kim, Sarang"]
[Black "Galerne, Rene"]
[Result "1-0"]
[ECO "B13"]
[WhiteElo "1704"]
[BlackElo "1773"]
[Annotator "NA"]
[PlyCount "109"]
[EventDate "2024.07.03"]
[EventType "swiss"]
[EventCountry "SUI"]
[SourceTitle "playchess.com"]
[Source "ChessBase"]
[SourceQuality "1"]
[TimeControl "40/5400+30:1800+30"]

1. e4 c6 2. d4 d5 3. exd5 cxd5 4. Bd3 Nc6 5. c3 Nf6 6. Bf4 e6 7. Nf3 Bd6 8. Ne5 Qc7 9. Bb5 Bd7 10. Nxd7 Qxd7 11. Qf3 Bxf4 12. Qxf4 Ne4 13. O-O O-O 14. f3 Nf6 15. Nd2 Rac8 16. Qe3 Qd6 17. f4 Ng4 18. Qe2 f5 19. Rae1 Rfe8 20. h3 Nf6 21. g4 Ne4 22. Rf3 g6 23. Ref1 Rf8 24. g5 Rc7 25. h4 h6 26. gxh6 Rh7 27. Qg2 Rxh6 28. Nxe4 fxe4 29. Rg3 Ne7 30. Rg4 Kh7 31. Be2 Rf6 32. Qh2 Nf5 33. Kf2 Qb6 34. Rb1 Qc7 35. Rh1 Kg7 36. h5 Ne7 37. Ke1 Qb6 38. Bd1 Qa6 39. Qd2 Nf5 40. Rhg1 Ne7 41. Rg5 Qb6 42. R1g3 Rf5 43. Qg2 Rf6 44. hxg6 Qd6 45. R3g4 Rxf4 46. Qg3 Rh1+ 47. Kd2 Qb6 48. b3 Rff1 49. Qe5+ Kg8 50. Be2 Rf2 51. Rg2 Rxg2 52. Rxg2 Nf5 53. Qf6 e3+ 54. Kc2 Nh6 55. Bg4 1-0

[Event "57th Biel Festival ATO 2024"]
[Site "Biel"]
[Date "2024.07.22"]
[Round "6.38"]
[White "Shin, Seungmin"]
[Black "Zarriess, Benjamin"]
[Result "1-0"]
[ECO "C55"]
[WhiteElo "1493"]
[BlackElo "1767"]
[Annotator "NA RC"]
[PlyCount "95"]
[EventDate "2024.07.03"]
[EventType "swiss"]
[EventCountry "SUI"]
[SourceTitle "playchess.com"]
[Source "ChessBase"]
[SourceQuality "1"]
[TimeControl "40/5400+30:1800+30"]

1. e4 e5 2. Nf3 Nc6 3. Bc4 Nf6 4. d3 Be7 5. c3 O-O 6. a4 d5 7. exd5 Nxd5 8. h3 Nb6 9. Bb3 Bf5 10. Bc2 a5 11. O-O Qd7 12. Qe2 f6 13. Be3 Rad8 14. Rd1 Qc8 15. d4 Bxc2 16. Qxc2 exd4 17. Nxd4 Nxd4 18. Rxd4 Qe6 19. Re4 Qf7 20. Bxb6 cxb6 21. Qe2 Rfe8 22. Nd2 Bc5 23. Re1 Rxe4 24. Nxe4 Qc7 25. Nxc5 bxc5 26. Qe6+ Kf8 27. Qe4 h6 28. Qe6 Qd6 29. Kf1 Qd3+ 30. Qe2 Qxe2+ 31. Kxe2 Kf7 32. Rd1 Rxd1 33. Kxd1 Ke6 34. Ke2 Kd5 35. Kd3 c4+ 36. Ke3 Ke5 37. f4+ Kd5 38. g4 g6 39. h4 g5 40. h5 b6 41. Kf3 Ke6 42. fxg5 fxg5 43. Ke4 Kd6 44. Kf5 Kd5 45. Kg6 Ke4 46. Kxh6 Kf4 47. Kg6 Kxg4 48. h6 1-0

[Event "57th Biel Festival ATO 2024"]
[Site "Biel"]
[Date "2024.07.22"]
[Round "6.39"]
[White "Van Bogaert, Olivier"]
[Black "Boyer, Jean-Francois"]
[Result "1-0"]
[ECO "D13"]
[WhiteElo "1815"]
[BlackElo "1742"]
[Annotator "NA"]
[PlyCount "81"]
[EventDate "2024.07.03"]
[EventType "swiss"]
[EventCountry "SUI"]
[SourceTitle "playchess.com"]
[Source "ChessBase"]
[SourceQuality "1"]
[TimeControl "40/5400+30:1800+30"]

1. d4 d5 2. c4 c6 3. cxd5 cxd5 4. Bf4 Nc6 5. e3 Nf6 6. Nc3 a6 7. Be2 e6 8. Rc1 Bd6 9. Bxd6 Qxd6 10. Nf3 O-O 11. O-O b5 12. a3 Bb7 13. b4 Rfd8 14. h3 Rac8 15. Re1 e5 16. Nxe5 Nxe5 17. dxe5 Qxe5 18. Qd4 Qb8 19. Bf1 Rc6 20. Ne2 Rc4 21. Rxc4 dxc4 22. Qf4 Qc8 23. Nc3 Nd5 24. Nxd5 Rxd5 25. Rc1 h6 26. a4 Qd8 27. axb5 axb5 28. Qe4 Qd7 29. Qf4 Kh7 30. Be2 Rg5 31. Bg4 f5 32. Rd1 Qc8 33. Be2 Rxg2+ 34. Kf1 Rg6 35. Bh5 Rg5 36. Bf7 Bg2+ 37. Ke2 Bxh3 38. Rd6 c3 39. Qd4 c2 40. Rd8 Qxd8 41. Qxd8 1-0

[Event "57th Biel Festival ATO 2024"]
[Site "Biel"]
[Date "2024.07.22"]
[Round "6.41"]
[White "Loeffler, Helmut"]
[Black "Wolffs, Walter"]
[Result "0-1"]
[ECO "D05"]
[WhiteElo "1745"]
[BlackElo "1544"]
[Annotator "NA"]
[PlyCount "40"]
[EventDate "2024.07.03"]
[EventType "swiss"]
[EventCountry "SUI"]
[SourceTitle "playchess.com"]
[Source "ChessBase"]
[SourceQuality "1"]
[TimeControl "40/5400+30:1800+30"]

1. d4 Nf6 2. Nf3 d5 3. e3 e6 4. Bd3 c5 5. c3 Bd7 6. Nbd2 Nc6 7. O-O Qc7 8. Re1 cxd4 9. exd4 Bd6 10. h3 Bf4 11. Qe2 O-O 12. Ne5 Nxe5 13. dxe5 Ne8 14. Nf3 Bxc1 15. Raxc1 f6 16. c4 Rc8 17. b3 Qc5 18. Qd2 a5 19. Rc2 d4 20. Re4 Bc6 0-1

[Event "57th Biel Festival ATO 2024"]
[Site "Biel"]
[Date "2024.07.22"]
[Round "6.43"]
[White "Lincke, Paul"]
[Black "Pavlov, Myroslav"]
[Result "0-1"]
[ECO "B01"]
[WhiteElo "1653"]
[BlackElo "1736"]
[Annotator "NA RC"]
[PlyCount "70"]
[EventDate "2024.07.03"]
[EventType "swiss"]
[EventCountry "SUI"]
[SourceTitle "playchess.com"]
[Source "ChessBase"]
[SourceQuality "1"]
[TimeControl "40/5400+30:1800+30"]

1. e4 d5 2. e5 Bf5 3. d4 e6 4. Bd3 Bxd3 5. Qxd3 c5 6. Qb5+ Qd7 7. Qxd7+ Nxd7 8. c3 Ne7 9. Ne2 Nc6 10. Bf4 Be7 11. O-O O-O 12. a3 a5 13. Nd2 b5 14. Nf3 b4 15. h3 bxa3 16. bxa3 Rfb8 17. Rfb1 a4 18. Bg5 Bf8 19. Be3 Na5 20. Rxb8 Rxb8 21. g4 Rb2 22. Re1 Nc4 23. Bc1 Ra2 24. Nf4 Nxa3 25. Bxa3 Rxa3 26. Rc1 cxd4 27. Nxd4 Nxe5 28. Kg2 Ra2 29. Rc2 Rxc2 30. Nxc2 a3 31. Ne2 Nd3 32. Ned4 Nc1 33. Na1 Bc5 34. f4 Bxd4 35. cxd4 Ne2 0-1

[Event "57th Biel Festival ATO 2024"]
[Site "Biel"]
[Date "2024.07.22"]
[Round "6.45"]
[White "Schweizer, Ulrich"]
[Black "Shin, Yisoo"]
[Result "1/2-1/2"]
[ECO "C54"]
[WhiteElo "1727"]
[BlackElo "1449"]
[Annotator "NA RC"]
[PlyCount "59"]
[EventDate "2024.07.03"]
[EventType "swiss"]
[EventCountry "SUI"]
[SourceTitle "playchess.com"]
[Source "ChessBase"]
[SourceQuality "1"]
[TimeControl "40/5400+30:1800+30"]

1. e4 e5 2. Nf3 Nc6 3. Bc4 Nf6 4. d3 Bc5 5. c3 a6 6. Bb3 d6 7. Nbd2 O-O 8. h3 h6 9. O-O Re8 10. Re1 Ba7 11. Nf1 Ne7 12. Ng3 Ng6 13. d4 c6 14. Bc2 d5 15. dxe5 Nxe5 16. Nxe5 Rxe5 17. Bf4 Re8 18. e5 Ne4 19. Nxe4 dxe4 20. Qxd8 Rxd8 21. Bxe4 g5 22. Bh2 Rd2 23. Bg3 Rxb2 24. Reb1 Rb5 25. Kf1 Be6 26. a4 Rxb1+ 27. Rxb1 Rb8 28. f4 gxf4 29. Bxf4 Kg7 30. g4 1/2-1/2